 Dungeon Crawl Stone Soup version 0.19-a0-1626-g5215c36 (webtiles) character file.

1453 Reeven the Chopper (level 9, -2/68 HPs)
             Began as a Formicid Fighter on Sept 18, 2016.
             Was a Follower of Trog.
             Slain by a killer bee (7 damage)
             ... on level 8 of the Dungeon.
             The game lasted 00:22:03 (3709 turns).

Reeven the Chopper (Formicid Fighter)               Turns: 3709, Time: 00:22:03

Health: -2/68      AC: 15    Str: 28    XL:     9   Next: 5%
Magic:  0/9        EV:  7    Int:  8    God:    Trog [*.....]
Gold:   111        SH: 11    Dex: 11    Spells: 0 memorised, 8 levels left

rFire  . . .     SeeInvis +     a - +0 war axe
rCold  . . .     Gourm    .     x - +0 plate armour
rNeg   . . .     Faith    .     c - +0 shield
rPois  .         Spirit   +     (helmet unavailable)
rElec  .         Dismiss  .     (no cloak)
rCorr  .         Reflect  .     (no gloves)
MR     .....     Harm     .     e - +2 pair of boots
Stlth  ..........               j - amulet of guardian spirit
                                (no ring)
                                (no ring)

@: mighty, lethally poisoned (-2 -> -6)
A: permanent stasis, dig shafts and tunnels, four strong arms, antennae 3
a: Dig, Shaft Self, Burn Spellbooks, Renounce Religion


You were on level 8 of the Dungeon.
You worshipped Trog.
Trog was aware of your devotion.
You were very hungry.

You visited 1 branch of the dungeon, and saw 7 of its levels.

You collected 111 gold pieces.

Inventory:

Hand Weapons
 a - a +0 war axe (weapon)
 w - a +0 vampiric long sword
Missiles
 u - 2 poisoned tomahawks (quivered)
Armour
 c - a +0 shield (worn)
 e - a +2 pair of boots (worn)
 p - a +3 chain mail of fire resistance
 x - a +0 plate armour (worn)
Jewellery
 b - an uncursed amulet of harm {unknown}
 j - an amulet of guardian spirit (around neck)
Scrolls
 g - 2 scrolls of teleportation {unknown}
 m - 3 scrolls of identify {unknown}
 n - a scroll of random uselessness {unknown}
 s - 3 scrolls of remove curse {unknown}
 t - 2 scrolls of fog {unknown}
 v - a scroll of amnesia {unknown}
Potions
 h - a potion of degeneration {unknown}
 o - a potion of mutation {unknown}
 q - a potion of flight {unknown}
Comestibles
 f - 3 bread rations
 k - 2 fruits
 l - a meat ration
 r - a beef jerky


   Skills:
 + Level 5.5 Fighting
 + Level 7.0 Axes
 + Level 1.0 Throwing
 + Level 5.8 Armour
 + Level 1.6 Dodging
 + Level 0.6 Stealth
 + Level 6.6 Shields


You had 8 spell levels left.
You didn't know any spells.

Dungeon Overview and Level Annotations

Branches:
Dungeon (7/15)
 Temple: D:4-7

Altars:
Fedhas
Kikubaaqudgha
Qazlal
Trog

Annotations:
D:3 TheGoonsmith's ghost, amateur DsWz
D:6 Reeven's ghost, novice OgBe


Innate Abilities, Weirdness & Mutations

You are under a permanent stasis effect.
You can dig through walls and to a lower floor.
Your four strong arms can wield two-handed weapons with a shield.
You have a pair of large antennae on your head. (SInv)


Message History

The killer bee stings you. You block the killer bee's attack.
You feel very mighty all of a sudden. You block the killer bee's attack.
The killer bee stings you!
* * * LOW HITPOINT WARNING * * *
You are poisoned.
The killer bee poisons you! You block the killer bee's attack.
You barely miss the killer bee.
You feel sick.
The killer bee stings you but does no damage.
You block the killer bee's attack.
The killer bee stings you but does no damage.
You hear an angry buzzing noise.
The killer bee stings you!
* * * LOW HITPOINT WARNING * * *
You are more poisoned.
The killer bee poisons you!
Are you sure you want to shaft yourself?
You are feeling very hungry.
* * * LOW HITPOINT WARNING * * *
You feel sick. The killer bee stings you!
You die...

#############
#...........#
#.##.##.###.#
#.##.##.# #.##..@.#
#.##.##y# #.##.##y#
##.####.##.##y#
#........yy{.#....#
#..###.###yy###......
#....{{y{{# ######
#.#.###y{{.# .....{
.y{..#


You could see a queen bee and 2 killer bees.

Vanquished Creatures
  The ghost of chequers the Carver, a novice OpMo (D:7)
  Grinder (D:6)
  A hippogriff (D:6)
  An orc warrior (D:6)
  An ogre (D:6)
  A sky beast (D:6)
  A scorpion (D:4)
  A bullfrog skeleton (D:4)
  A centaur skeleton (D:6)
  Terence (D:2)
  A worker ant (D:6)
  A killer bee zombie (D:7)
  A hound zombie (D:6)
  8 adders
  An ooze (D:2)
  An adder zombie (D:7)
  2 dart slugs (D:1)
  2 leopard geckos
  4 orcs
  3 giant cockroaches
  6 goblins
  3 hobgoblins
  8 jackals
  A quokka (D:7)
  8 bats
  2 frilled lizards
  4 kobolds
  9 rats
75 creatures vanquished.

Notes
Turn   | Place    | Note
-------+----------+-------------------------------------------
     0 | D:1      | Reeven the Formicid Fighter began the quest for the Orb.
     0 | D:1      | Reached XP level 1. HP: 18/18 MP: 1/1
    71 | D:1      | Reached XP level 2. HP: 22/24 MP: 2/2
   234 | D:1      | Reached XP level 3. HP: 26/29 MP: 3/3
   283 | D:1      | You fall through a shaft!
   382 | D:2      | Reached skill level 3 in Axes
   382 | D:2      | Reached XP level 4. HP: 35/36 MP: 1/4
   452 | D:2      | Found a stormy altar of Qazlal.
   453 | D:2      | Found an ancient bone altar of Kikubaaqudgha.
   455 | D:2      | Found a bloodstained altar of Trog.
   455 | D:2      | Found a blossoming altar of Fedhas.
   486 | D:2      | Became a worshipper of Trog the Wrathful
   594 | D:2      | Noticed Terence
   618 | D:2      | Killed Terence
   621 | D:2      | Reached XP level 5. HP: 19/42 MP: 3/5
  1092 | D:3      | Noticed TheGoonsmith's ghost (amateur DsWz)
  1680 | D:4      | Reached skill level 4 in Axes
  1680 | D:4      | Reached XP level 6. HP: 39/48 MP: 3/6
  1983 | D:4      | Noticed an ogre
  2008 | D:4      | You fall through a shaft for 3 floors!
  2186 | D:7      | Noticed chequers's ghost (novice OpMo)
  2222 | D:7      | Killed chequers's ghost
  2222 | D:7      | Reached skill level 5 in Axes
  2222 | D:7      | Reached skill level 5 in Shields
  2222 | D:7      | Reached XP level 7. HP: 13/55 MP: 1/7
  2222 | D:7      | Reached XP level 8. HP: 15/61 MP: 1/8
  2478 | D:7      | Noticed a hippogriff
  2528 | D:6      | Killed a hippogriff
  2528 | D:6      | Reached skill level 5 in Fighting
  2528 | D:6      | Reached skill level 6 in Axes
  2528 | D:6      | Reached skill level 5 in Armour
  2528 | D:6      | Reached skill level 1 in Dodging
  2562 | D:6      | Reached * piety under Trog
  2945 | D:6      | Noticed Grinder
  2963 | D:6      | Killed Grinder
  3036 | D:6      | Reached skill level 1 in Throwing
  3036 | D:6      | Reached XP level 9. HP: 51/68 MP: 7/9
  3246 | D:6      | Reached skill level 7 in Axes
  3258 | D:6      | Noticed Reeven's ghost (novice OgBe)
  3289 | D:6      | You fall through a shaft for 2 floors!
  3681 | D:8      | Noticed a queen bee
  3709 | D:8      | Slain by a killer bee

Vault maps used:
D:1:      lightli_iron_boxes, minmay_hexomino_f4
D:2:      nicolae_overflow_hidden_temple, first_bread, uniq_terence
D:3:      uniq_natasha
D:4:      lemuel_round_altar
D:6:      serial_shops, shop, nicolae_ru_path_of_blood, uniq_grinder
D:7:      minmay_misc_feat_iff, uniq_joseph
D:8:      kennysheep_steamy, david_nohive_1

Skill      XL: |  1  2  3  4  5  6  7  8  9 |
---------------+----------------------------+-----
Shields        | 4 5 6 |  6.6
Axes           | 3 4 5 6 7 |  7.0
Armour         | 4 5 |  5.8
Fighting       | 4 5 |  5.5
Dodging        | 1 |  1.6
Throwing       | 1 |  1.0
Stealth        | |  0.6

Action                   |  1- 3 |  4- 6 |  7- 9 || total
-------------------------+-------+-------+-------++-------
Melee: War axe           |    93 |   180 |   126 ||   399
Throw: Tomahawk          |       |       |     5 ||     5
 Abil: Dig               |     2 |     7 |     3 ||    12
       Shaft Self        |     1 |     1 |     2 ||     4
  Use: Potion            |       |       |     3 ||     3
  Eat: Chunk             |     1 |     7 |     4 ||    12
       Fruit             |       |     1 |     1 ||     2
Armor: Scale mail        |    58 |    27 |       ||    85
       Chain mail        |       |    88 |    35 ||   123
       Plate armour      |       |       |    57 ||    57
Dodge: Dodged            |    33 |    61 |    30 ||   124
Block: Shield            |    62 |   100 |    76 ||   238
